 Dungeon Crawl Stone Soup version 0.31-a0-200-gbc41564c69 (webtiles) character file.

Game seed: 18286098889932733935

9736 qw the Markself (level 11, -3/67 HPs)
             Began as a Deep Elf Hunter on June 25, 2023.
             Was a Believer of Okawaru.
             Slain by a tengu warrior
             ... wielding a +0 great sword
              (9 damage)
             ... on level 10 of the Dungeon.
             The game lasted 00:04:34 (8253 turns).

qw the Markself (Deep Elf Hunter)                   Turns: 8253, Time: 00:04:35

Health: -3/67      AC: 13    Str: 12    XL:     11   Next: 27%
Magic:  15/16      EV: 19    Int: 15    God:    Okawaru [**....]
Gold:   323        SH:  0    Dex: 18    Spells: 10/10 levels left

rFire   . . .        t - +0 orcbow
rCold   . . .        (shield currently unavailable)
rNeg    . . .        m - +0 ring mail {rPois}
rPois   +            c - +1 helmet
rElec   .            b - +0 cloak
rCorr   +            p - +0 pair of gloves
SInv    .            l - +0 pair of boots
Will    +....        k - amulet of regeneration
Stlth   +++          i - ring of resist corrosion
HPRegen 1.11/turn    s - +4 ring of slaying {mikee}
MPRegen 0.15/turn

%: no passive effects
@: about to teleport, heroic
A: no striking features
a: Renounce Religion, Heroism


You were on level 10 of the Dungeon.
You worshipped Okawaru.
Okawaru was pleased with you.
You visited 2 branches of the dungeon, and saw 11 of its levels.
You also visited: Sewer and Ossuary.

You collected 480 gold pieces.
You spent 157 gold pieces at shops.


   Skills:
 - Level 7.1(12.1) Fighting
 - Level 16.1(21.1) Ranged Weapons
 - Level 4.1(9.1) Armour
 + Level 9.9(14.9) Dodging
 - Level 1.2(6.2) Stealth
 - Level 4.0 Invocations


You had 10 spell levels left.
You didn't know any spells.
Your spell library was empty.

Inventory:

Hand Weapons
 t - a +0 orcbow (weapon)
Armour
 b - a +0 cloak (worn)
 c - a +1 helmet (worn)
 g - +0 acid dragon scales
 l - a +0 pair of boots (worn)
 m - a +0 ring mail of poison resistance (worn)
 p - a +0 pair of gloves (worn)
 u - a +1 ring mail of cold resistance
 v - a +0 troll leather armour
Jewellery
 i - a ring of resist corrosion (left hand)
 k - an amulet of regeneration (around neck)
 r - a ring of poison resistance
 s - a +4 ring of slaying (right hand) {mikee}
Wands
 e - a wand of digging (5)
Scrolls
 h - a scroll of teleportation
 n - 5 scrolls of identify
Potions
 a - 4 potions of curing
 d - 3 potions of enlightenment
 f - 2 potions of heal wounds
 j - a potion of might
 o - a potion of mutation
 q - a potion of haste
 w - a potion of cancellation {unknown}

Dungeon Overview and Level Annotations

Branches:
Dungeon (10/15)            Temple (1/1) D:5             Orc (0/2) D:9
  Sewer (visited)         Ossuary (visited)
   Lair: D:8-11

Altars:
Ashenzari
Cheibriados
Dithmenos
Elyvilon
Fedhas
Gozag
Hepliaklqana
Kikubaaqudgha
Makhleb
Nemelex Xobeh
Okawaru
Qazlal
Ru
Sif Muna
Trog
Uskayaw
Vehumet
Wu Jian
Xom
Yredelemnul
Zin
The Shining One

Shops:
D:1 [(!!(   D:2 [[:(*   D:3 :(   D:10 ?*

Annotations:
D:7 1 runed translucent door, Crazy Yiuf


Message History

The tengu warrior pecks you but does no damage.
The tengu warrior claws you but does no damage.
8245 ||| INVOKING Heroism.
You gain the combat prowess of a mighty hero.
The tengu warrior hits you with a +0 great sword!
The tengu warrior pecks you but does no damage.
The tengu warrior claws you but does no damage.
You shoot an arrow. The arrow hits the tengu warrior!
The tengu warrior is heavily wounded.
The tengu warrior hits you but does no damage.
The tengu warrior pecks you but does no damage.
The tengu warrior claws you but does no damage.
You shoot an arrow. The arrow hits the tengu warrior!
The tengu warrior is severely wounded.
The tengu warrior misses you. x2
The tengu warrior completely misses you.
You shoot an arrow. The arrow hits the tengu warrior.
The tengu warrior is severely wounded.
You shoot an arrow.
The arrow closely misses the tengu warrior.
The tengu warrior drinks a potion.
The tengu warrior is healed!
You shoot an arrow. The arrow misses the tengu warrior.
The tengu warrior hits you with a +0 great sword.
The tengu warrior barely misses you. The tengu warrior claws you.
You shoot an arrow.
The arrow hits the tengu warrior but does no damage.
The tengu warrior is lightly wounded.
The tengu warrior hits you with a +0 great sword!
The tengu warrior pecks you.
The tengu warrior claws you but does no damage.
You shoot an arrow. The arrow hits the tengu warrior.
The tengu warrior is moderately wounded.
The tengu warrior hits you with a +0 great sword!
The tengu warrior pecks you.
The tengu warrior claws you but does no damage.
8253 ||| READING 2 scrolls of teleportation.
As you read the scroll of teleportation, it crumbles to dust.
You feel strangely unstable.
The tengu warrior hits you with a +0 great sword!
You die...

#....#.## ##..##..#
#####...# #......## .##
.#########.### ....
..[........... [....####
##..........
#.......######..........
#.....Q@%..#............
#.......##...##.........
#.......##.>###.........
#.......###.# #.........
#.......# #.# #..../....
######### ### ######....
#.... ...


You could see a tengu warrior.

Vanquished Creatures
  Snorg (D:10)
  A centaur warrior (D:10)
  A necromancer (D:10)
  A deep elf zephyrmancer (D:10)
  An orc sorcerer (D:10)
  A cyclops (D:10)
  Joseph (D:10)
  A kobold demonologist (D:10)
  2 trolls (D:10)
  Grinder (Sewer)
  A wyvern (D:9)
  A wraith (D:10)
  4 yaks (D:10)
  Menkaure (D:7)
  3 acid dragons
  A water moccasin (D:6)
  6 orc warriors
  3 ice beasts
  A sky beast (D:6)
  3 black bears
  2 centaurs
  An ogre (D:4)
  A phantom (Sewer)
  3 bullfrogs
  2 gnoll sergeants
  2 scorpions
  9 wights
  5 killer bees (D:10)
  2 howler monkeys (D:9)
  8 orc priests
  A jelly (D:7)
  2 gnoll boudas
  5 hounds
  3 iguanas
  A sleepcap (D:7)
  Natasha (thrice) (D:2)
  6 orc wizards
  A polar bear simulacrum (D:10)
  5 yak simulacra (D:10)
  3 wolf simulacra (D:10)
  A mummy (D:5)
  25 gnolls
  8 adders
  4 shadow imps
  6 ufetubi
  2 worms (D:4)
  4 dart slugs
  36 orcs
  10 ball pythons
  7 bats
  A bat zombie (Sewer)
  10 endoplasms
  5 giant cockroaches
  4 goblins
  8 hobgoblins
  5 jackals
  29 kobolds
  3 quokkas
  3 frilled lizards (D:1)
  4 hobgoblin zombies
  11 kobold zombies
  9 orc zombies (Ossuary)
  4 rats
  2 river rat simulacra (D:10)
301 creatures vanquished.

Notes
Turn   | Place    | Note
-------+----------+-------------------------------------------
     0 | D:1      | qw the Deep Elf Hunter began the quest for the Orb.
     0 | D:1      | Reached XP level 1. HP: 12/12 MP: 3/3
     0 | D:1      | 0 ||| qw: Version: 0.3-a-22-g0ed2b0b
     0 | D:1      | 0 ||| qw: Game counter: 5691
     0 | D:1      | 0 ||| qw: Melee chars always use a shield: true
     0 | D:1      | 0 ||| qw: God list: Okawaru
     0 | D:1      | 0 ||| qw: Allow faded altars: false
     0 | D:1      | 0 ||| qw: Do Orc after clearing Dungeon:15 true
     0 | D:1      | 0 ||| qw: Do second Lair branch before Depths: true
     0 | D:1      | 0 ||| qw: Lair rune preference: random
     0 | D:1      | 0 ||| qw: Goals: Normal
     0 | D:1      | 0 ||| PLANNING D:1-11
    68 | D:1      | Reached XP level 2. HP: 16/16 MP: 4/4
    78 | D:1      | Reached skill level 6 in Ranged Weapons
   129 | D:1      | Found Meopoini's Distillery.
   143 | D:1      | 143 ||| SHOPLISTING potion of experience (650 gold, have
                  | 21).
   143 | D:1      | 143 ||| SHOPLISTING potion of heal wounds (65 gold, have
                  | 21).
   143 | D:1      | 143 ||| SHOPLISTING potion of resistance (130 gold, have
                  | 21).
   202 | D:1      | Found Udeafic's Weapon Shoppe.
   207 | D:1      | Found Vakkycra's Antique Armour Shop.
   215 | D:1      | 215 ||| SHOPLISTING pair of embroidered gloves (180 gold,
                  | have 21).
   215 | D:1      | 215 ||| SHOPLISTING pair of smoking boots (228 gold, have
                  | 21).
   215 | D:1      | 215 ||| SHOPLISTING ring mail (96 gold, have 21).
   265 | D:1      | Found Gotyaxys's Weapon Shop.
   299 | D:1      | Reached XP level 3. HP: 20/20 MP: 5/5
   427 | D:1      | Found Zyreoj's Distillery.
   444 | D:1      | 444 ||| SHOPLISTING potion of cancellation (104 gold, have
                  | 29).
   444 | D:1      | 444 ||| SHOPLISTING potion of curing (39 gold, have 29).
   444 | D:1      | 444 ||| SHOPLISTING potion of mutation (104 gold, have 29).
   517 | D:1      | 517 ||| UPGRADING to +0 helmet.
   522 | D:1      | 522 ||| UPGRADING to +0 pair of boots.
   527 | D:1      | 527 ||| UPGRADING to +0 ring mail.
   537 | D:1      | 537 ||| DROPPING +0 leather armour.
   538 | D:1      | 538 ||| UPGRADING to amulet of regeneration.
   543 | D:1      | 543 ||| UPGRADING to ring of resist corrosion.
   544 | D:1      | 544 ||| READING scroll labelled UGROUTSISOST.
   545 | D:1      | 545 ||| READING scroll labelled ESUANEO YXTIJ.
   550 | D:1      | 550 ||| READING scroll labelled UWKAOPLUHE.
   551 | D:1      | 551 ||| READING 2 scrolls labelled KOIXKE ZUNEOF.
   552 | D:1      | 552 ||| READING scroll labelled ALEPSA TABOI.
   553 | D:1      | 553 ||| DROPPING scroll of butterflies.
   578 | D:2      | Found Olexopsi's Antique Armour Shop.
   582 | D:2      | Found Xulon's Armour Boutique.
   589 | D:2      | 589 ||| SHOPLISTING cloak (121 gold, have 55).
   589 | D:2      | 589 ||| SHOPLISTING embroidered hat (189 gold, have 55).
   589 | D:2      | 589 ||| SHOPLISTING embroidered robe (99 gold, have 55).
   589 | D:2      | 589 ||| SHOPLISTING glowing scale mail (189 gold, have 55).
   599 | D:2      | 599 ||| BUYING +0 cloak (45 gold).
   599 | D:2      | Bought a +0 cloak for 45 gold pieces
   599 | D:2      | 599 ||| SHOPLISTING +2 helmet of intelligence (215 gold,
                  | have 10).
   599 | D:2      | 599 ||| SHOPLISTING +2 scale mail of poison resistance (180
                  | gold, have 10).
   600 | D:2      | Noticed Natasha
   603 | D:2      | 603 ||| FLEEEEING.
   606 | D:2      | 606 ||| FLEEEEING.
   607 | D:2      | 607 ||| FLEEEEING.
   616 | D:2      | Killed Natasha
   617 | D:2      | Reached skill level 7 in Ranged Weapons
   667 | D:2      | Reached XP level 4. HP: 25/25 MP: 6/6
   819 | D:2      | Noticed Natasha
   822 | D:2      | Killed Natasha
   851 | D:2      | Found a white marble altar of Elyvilon.
   887 | D:2      | Reached skill level 8 in Ranged Weapons
   971 | D:2      | Found Uriewneq's Book Emporium.
  1009 | D:2      | Found Jetzoxkest's Antique Weapon Boutique.
  1058 | D:2      | Reached XP level 5. HP: 29/29 MP: 7/7
  1066 | D:2      | Found Ginelur's Assorted Antiques.
  1069 | D:2      | 1069 ||| SHOPLISTING cyan potion (25 gold, have 20).
  1069 | D:2      | 1069 ||| SHOPLISTING scroll labelled MIAV AGUHISOES (28
                  | gold, have 20).
  1069 | D:2      | 1069 ||| SHOPLISTING scroll of teleportation (84 gold, have
                  | 20).
  1069 | D:2      | 1069 ||| SHOPLISTING smoking leather armour (196 gold, have
                  | 20).
  1069 | D:2      | 1069 ||| SHOPLISTING tubular golden ring (140 gold, have
                  | 20).
  1072 | D:2      | Noticed Natasha
  1078 | D:2      | Killed Natasha
  1141 | D:2      | 1141 ||| UPGRADING to +0 cloak.
  1146 | D:2      | 1146 ||| READING scroll labelled IXUSEDI DOUH NEI.
  1147 | D:2      | 1147 ||| READING scroll labelled LATOUTR WUTI.
  1214 | D:3      | Found a blossoming altar of Fedhas.
  1264 | D:3      | Reached skill level 1 in Armour
  1274 | D:3      | Reached skill level 9 in Ranged Weapons
  1327 | D:3      | Found a sparkling altar of Nemelex Xobeh.
  1338 | D:3      | Found Touhacou's Book Shop.
  1369 | D:3      | Reached XP level 6. HP: 35/35 MP: 8/8
  1388 | D:3      | Found an ancient bone altar of Kikubaaqudgha.
  1554 | D:3      | Found Wodushry's Weapon Shoppe.
  1806 | D:3      | Found a burning altar of Makhleb.
  1841 | D:3      | 1841 ||| DROPPING amulet of magic regeneration.
  1842 | D:3      | 1842 ||| DRINKING 2 golden potions.
  1864 | D:4      | 1864 ||| PLANNING SEWER
  1932 | D:4      | Found a glowing drain.
  1953 | Sewer    | Entered a sewer
  2089 | Sewer    | Reached skill level 10 in Ranged Weapons
  2105 | Sewer    | 2105 ||| Stepping ~*~*~tactically~*~*~ (outnumbered).
  2107 | Sewer    | 2107 ||| Stepping ~*~*~tactically~*~*~ (outnumbered).
  2122 | Sewer    | Reached skill level 3 in Dodging
  2122 | Sewer    | Reached XP level 7. HP: 34/40 MP: 9/9
  2152 | Sewer    | Found an ancient bone altar of Kikubaaqudgha.
  2182 | Sewer    | Noticed Grinder
  2195 | Sewer    | Paralysed by Grinder for 2 turns
  2200 | Sewer    | Killed Grinder
  2201 | Sewer    | Reached skill level 11 in Ranged Weapons
  2281 | Sewer    | 2281 ||| READING 3 scrolls labelled MIAV AGUHISOES.
  2382 | Sewer    | 2382 ||| READING scroll labelled UCWAOMU ISMY.
  2400 | Sewer    | 2400 ||| DRINKING 2 green potions.
  2401 | Sewer    | 2401 ||| DRINKING 2 gluggy blue potions.
  2402 | Sewer    | 2402 ||| DRINKING 2 orange potions.
  2403 | Sewer    | 2403 ||| DROPPING 2 scrolls of silence.
  2404 | Sewer    | 2404 ||| DROPPING potion of magic.
  2439 | D:4      | 2439 ||| PLANNING D:1-11
  2551 | D:4      | Found a bloodstained altar of Trog.
  2667 | D:4      | Reached skill level 12 in Ranged Weapons
  2724 | D:4      | Reached XP level 8. HP: 45/45 MP: 10/10
  3085 | D:4      | Reached skill level 3 in Fighting
  3175 | D:4      | 3175 ||| UPGRADING to +0 ring mail of poison resistance.
  3185 | D:4      | 3185 ||| DROPPING +0 ring mail.
  3186 | D:4      | 3186 ||| READING scroll labelled DYLLOR CUSUWUZ.
  3187 | D:4      | 3187 ||| DRINKING 3 murky green potions.
  3188 | D:4      | 3188 ||| READING 2 scrolls of identify.
  3188 | D:4      | 3188 ||| IDENTIFYING puce potion
  3189 | D:4      | 3189 ||| DROPPING potion of berserk rage.
  3225 | D:5      | Entered Level 5 of the Dungeon
  3226 | D:5      | 3226 ||| PLANNING OSSUARY
  3251 | D:5      | 3251 ||| Stepping ~*~*~tactically~*~*~ (outnumbered).
  3376 | D:5      | Found a sand-covered staircase.
  3380 | D:5      | 3380 ||| UPGRADING to +1 helmet.
  3390 | D:5      | 3390 ||| DROPPING +0 helmet.
  3394 | Ossuary  | Entered an ossuary
  3537 | D:5      | 3537 ||| PLANNING D:1-11
  3793 | D:5      | Found a basalt altar of Yredelemnul.
  3806 | D:5      | Found a staircase to the Ecumenical Temple.
  3807 | D:5      | 3807 ||| PLANNING TEMPLE
  3817 | Temple   | Entered the Ecumenical Temple
  3853 | Temple   | 3853 ||| PLANNING D:1-11
  4275 | D:5      | Reached skill level 13 in Ranged Weapons
  4318 | D:5      | 4318 ||| UPGRADING to +0 pair of gloves.
  4377 | D:6      | 4377 ||| FLEEEEING.
  4378 | D:6      | 4378 ||| FLEEEEING.
  4379 | D:6      | 4379 ||| FLEEEEING.
  4380 | D:6      | 4380 ||| FLEEEEING.
  4381 | D:6      | 4381 ||| FLEEEEING.
  4382 | D:6      | 4382 ||| STAIRDANCE
  4486 | D:6      | 4486 ||| Stepping ~*~*~tactically~*~*~ (outnumbered).
  4488 | D:6      | 4488 ||| Stepping ~*~*~tactically~*~*~ (outnumbered).
  4694 | D:6      | Reached skill level 14 in Ranged Weapons
  4791 | D:6      | Reached XP level 9. HP: 51/51 MP: 11/11
  5202 | D:6      | 5202 ||| DROPPING +1 helmet.
  5203 | D:6      | 5203 ||| READING scroll labelled DEIPYG CIWAAT.
  5204 | D:6      | 5204 ||| DRINKING 3 emerald potions.
  5205 | D:6      | 5205 ||| READING 2 scrolls of identify.
  5205 | D:6      | 5205 ||| IDENTIFYING metallic cyan potion
  5206 | D:6      | 5206 ||| DROPPING 2 potions of attraction.
  5302 | D:7      | HP: 7/52 [wight/+0 vampiric great sword (15)]
  5302 | D:7      | HP: 2/50 [wight/+0 vampiric great sword (5)]
  5303 | D:7      | 5303 ||| READING 2 scrolls of teleportation.
  5304 | D:7      | 5304 ||| DRINKING 5 potions of heal wounds.
  5355 | D:7      | Reached skill level 6 in Dodging
  5476 | D:7      | Found an ornate altar of the Wu Jian Council.
  5650 | D:7      | Found a white marble altar of Elyvilon.
  5774 | D:7      | Noticed Menkaure
  5783 | D:7      | Killed Menkaure
  5802 | D:7      | Found a runed translucent door.
  5803 | D:7      | Noticed Crazy Yiuf
  6047 | D:7      | 6047 ||| READING scroll labelled WEDOH BUUFIOJ.
  6346 | D:8      | Reached skill level 3 in Armour
  6402 | D:8      | Found a shimmering altar of Xom.
  6718 | D:8      | 6718 ||| READING scroll labelled HOQ VYPSEMEBO.
  6719 | D:8      | 6719 ||| DRINKING 2 fizzy pink potions.
  6720 | D:8      | 6720 ||| READING 4 scrolls of identify.
  6720 | D:8      | 6720 ||| IDENTIFYING glowing coppery potion
  6721 | D:8      | 6721 ||| READING 3 scrolls of identify.
  6721 | D:8      | 6721 ||| IDENTIFYING fuming sapphire potion
  6722 | D:8      | 6722 ||| DROPPING potion of brilliance.
  6723 | D:8      | 6723 ||| DROPPING potion of lignification.
  6763 | D:9      | 6763 ||| Stepping ~*~*~tactically~*~*~ (outnumbered).
  6789 | D:9      | 6789 ||| FLEEEEING.
  6790 | D:9      | 6790 ||| FLEEEEING.
  6797 | D:9      | 6797 ||| STAIRDANCE
  6916 | D:9      | HP: 12/54 [poisoned by a gnoll sergeant]
  6917 | D:9      | 6917 ||| READING scroll of teleportation.
  6918 | D:9      | 6918 ||| DRINKING 4 potions of heal wounds.
  6921 | D:9      | Found an opulent altar of Gozag.
  6990 | D:9      | Reached XP level 10. HP: 60/60 MP: 12/12
  7009 | D:9      | 7009 ||| FLEEEEING.
  7010 | D:9      | 7010 ||| FLEEEEING.
  7011 | D:9      | 7011 ||| FLEEEEING.
  7011 | D:9      | Found a staircase to the Orcish Mines.
  7012 | D:9      | 7012 ||| FLEEEEING.
  7013 | D:9      | 7013 ||| FLEEEEING.
  7014 | D:9      | 7014 ||| FLEEEEING.
  7015 | D:9      | 7015 ||| FLEEEEING.
  7016 | D:9      | 7016 ||| FLEEEEING.
  7017 | D:9      | 7017 ||| STAIRDANCE
  7031 | D:9      | 7031 ||| STAIRDANCE
  7040 | D:8      | Reached skill level 6 in Fighting
  7200 | D:9      | Found a glowing silver altar of Zin.
  7412 | D:9      | Found an iron altar of Okawaru.
  7413 | D:9      | 7413 ||| PLANNING OKAWARU WORSHIP
  7413 | D:9      | 7413 ||| UPGRADING to +4 ring of slaying {mikee}.
  7421 | D:9      | Became a worshipper of Warmaster Okawaru
  7422 | D:9      | 7422 ||| PLANNING D:1-11
  7458 | D:9      | Found a stormy altar of Qazlal.
  7458 | D:9      | Found a snail-covered altar of Cheibriados.
  7515 | D:9      | 7515 ||| SWAPPING to +0 orcbow.
  7516 | D:9      | 7516 ||| Stepping ~*~*~tactically~*~*~ (outnumbered).
  7537 | D:9      | HP: 11/57 [gnoll sergeant/+1 trident of venom (6)]
  7538 | D:9      | 7538 ||| READING 2 scrolls of teleportation.
  7539 | D:9      | 7539 ||| DRINKING 3 potions of heal wounds.
  7561 | D:9      | 7561 ||| DROPPING +1 shortbow of draining.
  7667 | D:10     | Entered Level 10 of the Dungeon
  7736 | D:10     | Noticed a necromancer
  7745 | D:10     | Killed a necromancer
  7784 | D:10     | 7784 ||| FLEEEEING.
  7785 | D:10     | 7785 ||| FLEEEEING.
  7838 | D:10     | Noticed Snorg
  7847 | D:10     | Killed Snorg
  7847 | D:10     | Reached * piety under Okawaru
  7848 | D:10     | Reached skill level 15 in Ranged Weapons
  7851 | D:10     | Found Ceum Fexkota's General Store.
  7860 | D:10     | 7860 ||| SHOPLISTING amulet "Teelyonk" {Harm *Corrode rPois
                  | Regen+ Stlth+} (460 gold, have 422).
  7860 | D:10     | 7860 ||| BUYING scroll of identify (24 gold).
  7860 | D:10     | Bought a scroll of identify for 24 gold pieces
  7860 | D:10     | 7860 ||| BUYING scroll of identify (24 gold).
  7860 | D:10     | Bought a scroll of identify for 24 gold pieces
  7860 | D:10     | 7860 ||| BUYING scroll of teleportation (36 gold).
  7860 | D:10     | Bought a scroll of teleportation for 36 gold pieces
  7862 | D:10     | 7862 ||| INVOKING Heroism.
  7903 | D:10     | Found Ofatwaug's Magic Scroll Shop.
  7906 | D:10     | 7906 ||| BUYING scroll of identify (28 gold).
  7906 | D:10     | Bought a scroll of identify for 28 gold pieces
  7916 | D:10     | 7916 ||| INVOKING Heroism.
  7921 | D:10     | Reached skill level 1 in Invocations
  7951 | D:10     | Noticed a deep elf zephyrmancer
  7953 | D:10     | Noticed an orc sorcerer
  7954 | D:10     | 7954 ||| INVOKING Heroism.
  7956 | D:10     | Paralysed by an orc sorcerer for 2 turns
  7959 | D:10     | Killed a deep elf zephyrmancer
  7960 | D:10     | Reached skill level 16 in Ranged Weapons
  7967 | D:10     | Killed an orc sorcerer
  7968 | D:10     | Reached skill level 3 in Invocations
  7970 | D:10     | 7970 ||| INVOKING Heroism.
  7972 | D:10     | 7972 ||| Stepping ~*~*~tactically~*~*~ (outnumbered).
  7977 | D:10     | Reached skill level 9 in Dodging
  7985 | D:10     | Reached ** piety under Okawaru
  8032 | D:10     | 8032 ||| INVOKING Heroism.
  8050 | D:10     | 8050 ||| INVOKING Heroism.
  8052 | D:10     | Reached XP level 11. HP: 54/64 MP: 13/16
  8120 | D:10     | Noticed a centaur warrior
  8129 | D:10     | Killed a centaur warrior
  8133 | D:10     | 8133 ||| INVOKING Heroism.
  8200 | D:10     | Noticed Joseph
  8211 | D:10     | 8211 ||| INVOKING Heroism.
  8218 | D:10     | Killed Joseph
  8236 | D:10     | Noticed a tengu warrior
  8245 | D:10     | 8245 ||| INVOKING Heroism.
  8252 | D:10     | HP: 7/67 [tengu warrior/+0 great sword (14)]
  8253 | D:10     | 8253 ||| READING 2 scrolls of teleportation.
  8253 | D:10     | Slain by a tengu warrior

Levels and vault maps discovered:
D:1:      scummos_arrival_simple_crosswalls, layout_rooms, serial_shops,
          nicolae_shop_window_shopping, nicolae_shop_window_shopping,
          nicolae_shop_tiny_statue_garden, shop, shop, chequers_hall_statues_y
D:2:      layout_loops_ring, basic_altar, serial_shops, nicolae_shop_trees,
          shop, shop, nicolae_book_shop_shelving, shop, uniq_natasha
D:3:      layout_basic, lightli_temple_of_fire, lemuel_crystal_altar,
          mainiacjoe_overflow_paths, kiku_gazebo_garden_becter, serial_shops,
          nicolae_book_shop_shelving, shop
D:4:      layout_cave_pods, trog_three_pillars_becter, portal_sewer_entry_a
D:5:      layout_basic, mainiacjoe_overflow_tiny_flanked,
          minmay_temple_entry_large_hall, nicolae_ossuary_entry_giza
D:6:      layout_loops_ring
D:7:      layout_basic, mainiacjoe_overflow_alcove_4,
          pdpol_wu_jian_five_deadly_venoms, uniq_menkaure,
          uniq_crazy_yiuf_cottage
D:8:      layout_basic, mainiacjoe_overflow_alcove_2
D:9:      layout_cave_pools, mainiacjoe_overflow_chevrons,
          mainiacjoe_overflow_boulevard, okawaru_altar_gauntlet_db,
          amethyst_overflow_temple_binary, david_orc_2, minmay_door_square,
          corexii_corridor_pit
D:10:     minmay_the_grid_3x2 [minmay_the_grid_small_cups, minmay_the_grid_tree,
          minmay_the_grid_tri_star, minmay_the_grid_fan,
          minmay_the_grid_armoury, minmay_the_grid_prize_big_room],
          layout_basic, erik_lair_dragon, serial_bayou, serial_bayou_shore_b,
          serial_bayou_pond_c, serial_bayou_shore_b, serial_shops, shop, shop,
          shop, nicolae_shop_real_fake_doors, eino_house_with_fridge,
          uniq_erolcha, uniq_snorg, uniq_joseph
Temple:   hellmonk_temple_of_storms

Skill      XL: |  1  2  3  4  5  6  7  8  9 10 11 |
---------------+----------------------------------+-----
Ranged Weapons | 6 7 8 9 10 12 14 16 | 16.1
Armour         | 1 2 3 4 |  4.1
Fighting       | 2 3 5 6 7 |  7.1
Dodging        | 3 4 8 9 |  9.9
Invocations    | 4 |  4.0
Stealth        | |  1.2

Action                     |  1- 3 |  4- 6 |  7- 9 | 10-12 || total
---------------------------+-------+-------+-------+-------++-------
   Fire: Shortbow          |    88 |   217 |   567 |    48 ||   920
         Orcbow            |       |       |       |   201 ||   201
 Invoke: Heroism           |       |       |       |     9 ||     9
    Use: Scroll            |     5 |     2 |    12 |     2 ||    21
         Potion            |       |     1 |     8 |     1 ||    10
 Armour: Leather armour    |     1 |       |       |       ||     1
         Ring mail         |     6 |    50 |    55 |    65 ||   176
  Dodge: Dodged            |    11 |    75 |   139 |   174 ||   399

Table legend:
 A = Non-vault XP
 B = Vault XP
 C = Vault XP percentage of total XP
 D = Non-vault monster count
 E = Vault monster count
 F = Vault count percentage of total count
                 A         B        C        D         E       F
            +---------+---------+-------+---------+---------+-------
      Total |    6316 |    7593 |  54.6 |     193 |     108 |  35.9
            +---------+---------+-------+---------+---------+-------
        D:1 |      50 |       0 |   0.0 |      27 |       0 |   0.0
        D:2 |     146 |      35 |  19.3 |      17 |       1 |   5.6
        D:3 |     199 |       0 |   0.0 |      19 |       0 |   0.0
        D:4 |     524 |      10 |   1.9 |      26 |       5 |  16.1
        D:5 |     456 |      20 |   4.2 |      14 |       3 |  17.6
        D:6 |    1061 |       0 |   0.0 |      22 |       0 |   0.0
        D:7 |    1086 |     165 |  13.2 |      24 |       1 |   4.0
        D:8 |     460 |       0 |   0.0 |      10 |       0 |   0.0
        D:9 |    1119 |     183 |  14.1 |      19 |      14 |  42.4
       D:10 |    1215 |    6548 |  84.3 |      15 |      25 |  62.5
      Sewer |       0 |     612 | 100.0 |       0 |      39 | 100.0
    Ossuary |       0 |      20 | 100.0 |       0 |      20 | 100.0
            +---------+---------+-------+---------+---------+-------
